 Dungeon Crawl Stone Soup version 0.31-a0-1-g4198be8af4 (webtiles) character file.

Game seed: 5992875408875522471

335 retardedninja the Firebug (level 6, -2/44 HPs)
             Began as a Gnoll Fire Elementalist on May 1, 2023.
             Slain by a hobgoblin (4 damage)
             ... led by Robin
             ... on level 4 of the Dungeon.
             The game lasted 00:03:56 (4295 turns).

retardedninja the Firebug (Gnoll Fire Elementalist) Turns: 4295, Time: 00:03:57

Health: -2/44      AC:  3    Str:  7    XL:     6   Next: 53%
Magic:  7/14       EV: 13    Int: 16    God:
Gold:   123        SH:  0    Dex: 13    Spells: 12/15 levels left

rFire   . . .        n - +1 mace (holy)
rCold   . . .        (no shield)
rNeg    . . .        a - +0 robe
rPois   .            (no helmet)
rElec   .            (no cloak)
rCorr   .            c - +0 pair of gloves
SInv    .            (no boots)
Will    .....        (no amulet)
Stlth   +++          (no ring)
HPRegen 0.27/turn    (no ring)
MPRegen 0.14/turn

%: no passive effects
@: no status effects
A: fangs 1, strong nose, distributed training
a: no special abilities


You were on level 4 of the Dungeon.
You visited 1 branch of the dungeon, and saw 4 of its levels.

You collected 123 gold pieces.

Inventory:

Hand Weapons
 n - a +1 mace of holy wrath (weapon)
Missiles
 d - a throwing net
Armour
 a - a +0 robe (worn)
 c - a +0 pair of gloves (worn)
 s - a +0 cloak
Jewellery
 p - an amulet of guardian spirit
 r - a +4 ring of protection
 u - a ring of fire
Scrolls
 f - 2 scrolls of magic mapping {unknown}
 h - 2 scrolls of identify {unknown}
 j - a scroll of acquirement {unknown}
 o - a scroll of fear {unknown}
 q - 2 scrolls of immolation {unknown}
 t - a scroll of teleportation {unknown}
 v - a scroll of enchant weapon {unknown}
Potions
 b - a potion of magic
 e - a potion of attraction {unknown}
 g - 3 potions of curing
 i - a potion of berserk rage {unknown}
 k - a potion of flight {unknown}
 l - 3 potions of lignification {unknown}
 m - a potion of brilliance {unknown}
 w - a potion of heal wounds {unknown}
 x - a potion of mutation {unknown}


   Skills:
 + Level 2.1 Fighting
 + Level 2.1 Short Blades
 + Level 2.1 Long Blades
 + Level 2.1 Axes
 + Level 2.1 Maces & Flails
 + Level 2.1 Polearms
 + Level 2.1 Staves
 + Level 2.1 Ranged Weapons
 + Level 2.1 Throwing
 + Level 2.1 Armour
 + Level 5.0 Dodging
 + Level 4.6 Stealth
 + Level 2.1 Shields
 + Level 2.1 Unarmed Combat
 + Level 5.4 Spellcasting
 + Level 2.7 Conjurations
 + Level 1.6 Hexes
 + Level 1.6 Summonings
 + Level 1.6 Necromancy
 + Level 1.6 Translocations
 + Level 1.6 Transmutations
 + Level 5.7 Fire Magic
 + Level 1.6 Ice Magic
 + Level 1.6 Air Magic
 + Level 1.6 Earth Magic
 + Level 1.6 Poison Magic
 + Level 2.3 Invocations
 + Level 2.1 Evocations


You had 12 spell levels left.
You knew the following spells:

 Your Spells              Type           Power      Damage    Failure   Level
a - Foxfire               Conj/Fire      68%        2x1d7     2%          1
b - Scorch                Fire           44%        2d7       1%          2

Your spell library contained the following spells:

 Spells                   Type           Power      Damage    Failure   Level
 Apportation              Tloc           18%        N/A       8%          1
 Necrotise                Necr           36%        1d5       8%          1
 Sandblast                Erth           18%        2d7       8%          1
 Summon Small Mammal      Summ           36%        N/A       8%          1
 Inner Flame              Hex/Fire       16%        N/A       10%         3
 Volatile Blastmotes      Fire/Tloc      32%        2d12      10%         3
 Passwall                 Tmut/Erth      7%         N/A       11%         2
 Stone Arrow              Conj/Erth      22%        3d8       19%         3
 Flame Wave               Conj/Fire      17%        2d7       26%         4


Dungeon Overview and Level Annotations

Branches:
Dungeon (4/15)
 Temple: D:4-7

Altars:

Shops:
D:4 (

Annotations:
D:4 Robin


Innate Abilities, Weirdness & Mutations

You have very sharp teeth.
Your uncanny sense of smell can sniff out nearby items.
Your experience applies equally to all skills.


Message History

You conjure some foxfire!
The hobgoblin no longer looks unusually strong.
The hobgoblin barely misses you. The hobgoblin closely misses you.
The goblin misses you. Robin barely misses you.
The foxfire hits Robin.
Robin is lightly wounded.
The foxfire hits Robin but does no damage.
Robin is lightly wounded.
The hobgoblin closely misses you. The goblin hits you but does no damage.
The hobgoblin closely misses you.
Casting: Foxfire (safe; 2% risk of failure)
Press: ? - help, Q - select action, (/) - cycle Dir - look around, f - activate You conjure some foxfire!
The hobgoblin hits you but does no damage.
The hobgoblin completely misses you. The goblin closely misses you.
Robin barely misses you.
The foxfire hits Robin.
Robin is moderately wounded.
The foxfire hits Robin!
Robin is severely wounded.
The hobgoblin misses you. The goblin hits you but does no damage.
The hobgoblin misses you. Robin hits you with a +0 club.
Casting: Foxfire (safe; 2% risk of failure)
Press: ? - help, Q - select action, (/) - cycle Dir - look around, f - activate You conjure some foxfire!
The hobgoblin hits you. The hobgoblin closely misses you.
The goblin barely misses you. Robin barely misses you.
The foxfire hits Robin but does no damage.
Robin is severely wounded.
The foxfire hits Robin but does no damage.
Robin is severely wounded.
The hobgoblin hits you.
* * * LOW HITPOINT WARNING * * *
The goblin misses you. The hobgoblin hits you.
* * * LOW HITPOINT WARNING * * *
Robin drinks a potion.
Robin is healed!
The hobgoblin hits you.
* * * LOW HITPOINT WARNING * * *
The hobgoblin hits you.
You die...

#..# ≈≈## #..
#..#########≈≈# #..
#..........#≈≈## #..
#..).......'...# #..
#..........'...# #..
#...)......'.... #.g
#..........#≈≈..
#'g##..#########≈≈##
#)g@...#...# )≈≈≈##
#.gg)..†...+.v≈≈≈#
#......#...#..≈≈##
######## #######


You could see Robin, 2 hobgoblins and 2 goblins.

Vanquished Creatures
  Sigmund (D:3)
  A jelly (D:4)
  An iguana (D:4)
  A gnoll (D:1)
  4 adders
  2 worms
  2 dart slugs
  3 orcs (D:3)
  3 endoplasms
  A giant cockroach (D:4)
  13 goblins
  10 hobgoblins
  3 jackals (D:4)
  8 kobolds
  2 quokkas
  5 ball pythons
  6 bats
  4 frilled lizards
  2 rats
72 creatures vanquished.

Vanquished Creatures (others)
  292 foxfires
292 creatures vanquished.

Grand Total: 364 creatures vanquished

Notes
Turn   | Place    | Note
-------+----------+-------------------------------------------
     0 | D:1      | retardedninja the Gnoll Fire Elementalist began the quest
                  | for the Orb.
     0 | D:1      | Reached XP level 1. HP: 13/13 MP: 6/6
   486 | D:1      | Reached XP level 2. HP: 19/19 MP: 3/7
   931 | D:1      | Learned a level 2 spell: Scorch
   934 | D:1      | Reached skill level 5 in Spellcasting
   934 | D:1      | Reached XP level 3. HP: 25/25 MP: 1/9
  1276 | D:2      | Reached skill level 1 in Invocations
  1575 | D:2      | Reached skill level 1 in Fighting
  1575 | D:2      | Reached skill level 1 in Short Blades
  1575 | D:2      | Reached skill level 1 in Long Blades
  1575 | D:2      | Reached skill level 1 in Axes
  1575 | D:2      | Reached skill level 1 in Maces & Flails
  1575 | D:2      | Reached skill level 1 in Polearms
  1575 | D:2      | Reached skill level 1 in Staves
  1575 | D:2      | Reached skill level 1 in Ranged Weapons
  1575 | D:2      | Reached skill level 1 in Throwing
  1575 | D:2      | Reached skill level 1 in Armour
  1575 | D:2      | Reached skill level 1 in Shields
  1575 | D:2      | Reached skill level 1 in Unarmed Combat
  1575 | D:2      | Reached skill level 1 in Evocations
  1763 | D:2      | Reached XP level 4. HP: 32/32 MP: 8/11
  2521 | D:3      | Reached skill level 1 in Hexes
  2521 | D:3      | Reached skill level 1 in Summonings
  2521 | D:3      | Reached skill level 1 in Necromancy
  2521 | D:3      | Reached skill level 1 in Translocations
  2521 | D:3      | Reached skill level 1 in Transmutations
  2521 | D:3      | Reached skill level 1 in Ice Magic
  2521 | D:3      | Reached skill level 1 in Air Magic
  2521 | D:3      | Reached skill level 1 in Earth Magic
  2521 | D:3      | Reached skill level 1 in Poison Magic
  2972 | D:3      | Noticed Sigmund
  2985 | D:3      | Killed Sigmund
  2986 | D:3      | Reached XP level 5. HP: 10/38 MP: 6/12
  2986 | D:3      | Reached XP level 6. HP: 11/44 MP: 7/14
  3326 | D:3      | Reached skill level 5 in Dodging
  4053 | D:4      | Found Xiph's Antique Weapon Emporium.
  4269 | D:4      | Noticed Robin
  4295 | D:4      | HP: 2/44 [hobgoblin[Robin] (6)]
  4295 | D:4      | Slain by a hobgoblin

Illustrated notes

Levels and vault maps discovered:
D:1:      minmay_arrival_cross, layout_basic, minmay_misc_feat_nine_boxes,
          minmay_distorted
D:2:      layout_basic
D:3:      layout_basic, uniq_sigmund
D:4:      kennysheep_goblin_castle, layout_loops_corners, serial_shops, shop,
          uniq_eustachio

Skill      XL: |  1  2  3  4  5  6 |
---------------+-------------------+-----
Conjurations   | 2 |  2.7
Spellcasting   | 5 |  5.4
Invocations    | 1 2 |  2.3
Fighting       | 1 2 |  2.1
Short Blades   | 1 2 |  2.1
Long Blades    | 1 2 |  2.1
Axes           | 1 2 |  2.1
Maces & Flails | 1 2 |  2.1
Polearms       | 1 2 |  2.1
Staves         | 1 2 |  2.1
Ranged Weapons | 1 2 |  2.1
Throwing       | 1 2 |  2.1
Armour         | 1 2 |  2.1
Shields        | 1 2 |  2.1
Unarmed Combat | 1 2 |  2.1
Evocations     | 1 2 |  2.1
Hexes          | 1 |  1.6
Summonings     | 1 |  1.6
Necromancy     | 1 |  1.6
Translocations | 1 |  1.6
Transmutations | 1 |  1.6
Ice Magic      | 1 |  1.6
Air Magic      | 1 |  1.6
Earth Magic    | 1 |  1.6
Poison Magic   | 1 |  1.6
Dodging        | 5 |  5.0
Stealth        | |  4.6
Fire Magic     | |  5.7

Action                     |  1- 3 |  4- 6 || total
---------------------------+-------+-------++-------
  Melee: Mace              |     1 |     8 ||     9
         Bite              |       |     1 ||     1
   Cast: Foxfire           |    73 |   103 ||   176
         Scorch            |     2 |       ||     2
 Armour: Robe              |       |    10 ||    10
  Dodge: Dodged            |    15 |    49 ||    64

Table legend: (Time is in decaauts)
 A = Elapsed time spent in this place.
 B = Non-inter-level travel time spent in this place.
 C = Inter-level travel time spent in this place.
 D = Time resting spent in this place.
 E = Time spent auto-exploring this place.
 F = Levels seen in this place.
 G = Mean time per level.
                   A        B        C        D        E       F      G
               +--------+--------+--------+--------+--------+-----+--------+
         Total |   4296 |   4221 |     75 |    349 |   3312 |   4 | 1074.0 |
       Dungeon |   4296 |   4221 |     75 |    349 |   3312 |   4 | 1074.0 |
               +--------+--------+--------+--------+--------+-----+--------+

Top non-repeatable levels by time:
     D:3: 1323 daAuts
     D:1: 1259 daAuts
     D:2: 1252 daAuts
     D:4: 460 daAuts
